 Dungeon Crawl Stone Soup version 0.29.1-15-g9cfb28693d (webtiles) character file.

Game seed: 12251787992419015019

4 ChrisAssaf the Vexing (level 1, -2/7 HPs)
             Began as a Felid Enchanter on Apr 30, 2023.
             Slain by a kobold
             ... wielding a +0 club
              (4 damage)
             ... on level 1 of the Dungeon.
             The game lasted 00:00:37 (389 turns).

ChrisAssaf the Vexing (Felid Enchanter)              Turns: 389, Time: 00:00:37

Health: -2/7       AC:  1    Str:  4    XL:     1   Next: 50%
Magic:  4/4        EV: 17    Int: 16    God:
Gold:   40         SH:  0    Dex: 16    Spells: 4/4 levels left
                                        Lives:  0   Deaths: 0

rFire   . . .      SeeInvis +     - Unarmed
rCold   . . .      Faith    .   (shield unavailable)
rNeg    . . .      Spirit   .   (body armour unavailable)
rPois   .          Reflect  .   (helmet unavailable)
rElec   .          Harm     .   (cloak unavailable)
rCorr   .          Rampage  .   (gloves unavailable)
Will    .....                   (boots unavailable)
Stlth   +++.......              (no amulet)
HPRegen 0.02/turn               (no ring)
MPRegen 0.09/turn               (no ring)

@: invisible, quick
A: very small, claws 1, fangs 3, see invisible, speed 1, shaggy fur 1, stealthy
paws, no weapons or thrown items, no armour, multi-lived
a: no special abilities


You were on level 1 of the Dungeon.
You visited 1 branch of the dungeon, and saw 1 of its levels.

You collected 40 gold pieces.

Inventory:

Scrolls
 c - 2 scrolls of identify {unknown}
 d - a scroll of magic mapping {unknown}
 e - a scroll of teleportation {unknown}
Potions
 a - a potion of invisibility
 b - 2 potions of haste {unknown}


   Skills:
 * Level 2.8 Dodging
 * Level 4.1 Stealth
 * Level 1.0 Unarmed Combat
 * Level 2.0 Spellcasting
 * Level 4.6 Hexes


You had 4 spell levels left.
You didn't know any spells.
Your spell library contained the following spells:

 Spells                   Type           Power      Damage    Failure   Level
 Confusing Touch          Hex            16%        N/A       10%         3
 Tukima's Dance           Hex            16%        N/A       10%         3
 Ensorcelled Hibernation  Hex/Ice        16%        N/A       12%         2
 Dazzling Flash           Conj/Hex       16%        N/A       24%         3


Dungeon Overview and Level Annotations

Branches:
Dungeon (1/15)

Altars:


Innate Abilities, Weirdness & Mutations

You have sharp claws.
You have razor-sharp teeth.
You have supernaturally acute eyesight. (SInv)
You cover ground quickly. (Speed+)
You are covered in fur. (AC +1)
Your paws help you pounce on unaware monsters.
You are incapable of wielding weapons or throwing items.
You cannot wear armour.
You gain extra lives every three experience levels.


Message History

Things that are here:
a +0 short sword; 5 stones; a kobold corpse
Found a scroll labelled RAENLI NOWN and 10 gold pieces.
d - a scroll labelled VEFAME ORORGH You see here 4 stones.
e - a scroll labelled RAENLI NOWN You now have 10 gold pieces.
You start resting.
HP restored.
Found a stone staircase leading down.
A frilled lizard comes into view.
Found 12 gold pieces.
You see here 18 gold pieces.
The helpless frilled lizard fails to defend itself.
You claw the frilled lizard!
You kill the frilled lizard!
You now have 28 gold pieces (gained 18).
You now have 40 gold pieces (gained 12).
c - 2 scrolls labelled MEWNEL LOMOL (gained 1)
A kobold and a rat come into view.
The rat moves out of view.
The kobold throws a stone.
The stone barely misses you.
A bat comes into view.
Found 11 gold pieces and a clear potion.
The rat twitches its whiskers.
The rat bites you.
You scratch the rat.
You kill the rat!
The kobold hits you with a +0 club.
Ouch! That really hurt!
* * * LOW HITPOINT WARNING * * *
You see here a rat corpse.
You scratch the kobold but do no damage.
The kobold closely misses you.
You scratch the kobold but do no damage.
The kobold barely misses you.
You fade into invisibility!
The kobold hits you with a +0 club.
Ouch! That really hurt!
You die...

#.##### #.# #.#
#############.#
#.............#
#.#############
#..# ...#.#..#
b......@#
...$...K#
#.......#
#.......#
##.....##
.......#
###..!. .....


You could see a bat (asleep) and a kobold (unable to see you).

Vanquished Creatures
  A giant cockroach (D:1)
  A kobold (D:1)
  A frilled lizard (D:1)
  A rat (D:1)
4 creatures vanquished.

Notes
Turn   | Place    | Note
-------+----------+-------------------------------------------
     0 | D:1      | ChrisAssaf the Felid Enchanter began the quest for the Orb.
     0 | D:1      | Reached XP level 1. HP: 7/7 MP: 4/4
   389 | D:1      | Slain by a kobold

Illustrated notes

Levels and vault maps discovered:
D:1:      dpeg_arrival_refuge, layout_basic, minmay_pentomino_q2

Action                   || total
-------------------------++-------
Melee: Unarmed           ||    12
       Bite              ||     2
  Use: Potion            ||     1
 Stab: Sleeping          ||     1
Armor: Skin              ||     1
Dodge: Dodged            ||    10
